 Dungeon Crawl Stone Soup version 0.24.0-125-gc4c63601f3 (webtiles) character file.

Game seed: 16186261350170142315, levelgen mode: deterministic

100 Martska the Chiller (level 4, 0/33 HPs)
             Began as a Merfolk Ice Elementalist on Feb 25, 2020.
             Slain by a worm (2 damage)
             ... on level 3 of the Dungeon.
             The game lasted 00:05:40 (3168 turns).

Martska the Chiller (Merfolk Ice Elementalist)      Turns: 3168, Time: 00:05:40

Health: 0/33       AC:  3    Str:  8    XL:     4   Next: 73%
Magic:  0/7        EV: 16    Int: 14    God:
Gold:   141        SH:  0    Dex: 15    Spells: 3/7 levels left

rFire    . . .     SeeInvis .   d - +0 club
rCold    . . .     Gourm    .   (no shield)
rNeg     . . .     Faith    .   a - +0 robe
rPois    .         Spirit   .   (no helmet)
rElec    .         Reflect  .   (no cloak)
rCorr    .         Harm     .   m - +0 pair of gloves (curse)
MR       .....                  (no boots)
Stlth    ++........             (no amulet)
HPRegen  0.11/turn              k - +3 ring of evasion
MPRegen  0.10/turn              (no ring)

@: no status effects
A: change form in water, swift swim, stealthy swim
a: no special abilities


You were on level 3 of the Dungeon.
You were not hungry.

You visited 1 branch of the dungeon, and saw 3 of its levels.

You collected 141 gold pieces.

Inventory:

Hand Weapons
 d - a +0 club (weapon)
Armour
 a - a +0 robe (worn)
 b - a +0 buckler
 e - a +0 leather armour
 m - a cursed +0 pair of gloves (worn)
Jewellery
 k - a +3 ring of evasion (left hand)
Scrolls
 g - 2 scrolls of enchant weapon {unknown}
 o - a scroll of magic mapping {unknown}
 p - 2 scrolls of teleportation {unknown}
 q - a scroll of random uselessness {unknown}
 s - 2 scrolls of identify {unknown}
 v - a scroll of fog {unknown}
Potions
 f - 2 potions of might {unknown}
 h - a potion of heal wounds {unknown}
 i - a potion of flight {unknown}
 j - a potion of cancellation {unknown}
 l - a potion of agility {unknown}
 n - a potion of haste {unknown}
 r - a potion of lignification {unknown}
 t - a potion of degeneration {unknown}
 u - 2 potions of brilliance {unknown}
Comestibles
 c - 5 rations


   Skills:
 * Level 2.1 Fighting
 + Level 0.7 Armour
 + Level 3.3 Dodging
 + Level 2.8 Stealth
 + Level 1.2 Shields
 + Level 2.3 Spellcasting
   Level 0.7 Conjurations
 + Level 3.7 Ice Magic


You had 3 spell levels left.
You knew the following spells:

 Your Spells              Type           Power        Failure   Level  Hunger
a - Freeze                Ice            ##..         4%          1    #......
b - Ozocubu's Armour      Chrm/Ice       #.......     32%         3    ###....

Your spell library contained the following spells:

 Spells                   Type           Power        Failure   Level  Hunger
 Throw Frost              Conj/Ice       #.....       14%         2    ###....
 Throw Icicle             Conj/Ice       #.......     67%         4    #####..
 Summon Ice Beast         Ice/Summ       #.......     71%         4    #####..


Dungeon Overview and Level Annotations

Branches:
Dungeon (3/15)

Altars:
Elyvilon
Gozag
Kikubaaqudgha
Qazlal
Uskayaw
Yredelemnul


Message History

Casting: Freeze (safe; 4% risk of failure)
Confirm with . or Enter, or press ? or * to list all spells.
Aiming: Freeze (safe; 4% risk of failure)
Press: ? - help, Shift-Dir - straight line, f/p - worm
Aim: a worm (heavily wounded)
You freeze the worm.
The worm is severely wounded.
You hit the worm.
The worm is almost dead.
The worm bites you.
* * * LOW HITPOINT WARNING * * *
Casting: Freeze (safe; 4% risk of failure)
Confirm with . or Enter, or press ? or * to list all spells.
Aiming: Freeze (safe; 4% risk of failure)
Press: ? - help, Shift-Dir - straight line, f/p - worm
Aim: a worm (severely wounded)
You freeze the worm.
The worm is almost dead.
The worm bites you.
You die...

##.# ######.#
##..#
#######......#
...##
.......>######
####
######....#
#....# #....#
#.%..+
######....##
.......@..<#
.######w.....#
.....###
##.#### ...
... ≈≈. ≈≈≈≈≈


You could see a worm.

Vanquished Creatures
  3 adders
  2 worms (D:2)
  2 dart slugs (D:2)
  3 orcs (D:3)
  4 giant cockroaches
  9 goblins
  7 hobgoblins
  3 jackals (D:3)
  4 kobolds
  A quokka (D:3)
  5 bats
  4 frilled lizards
  9 rats
56 creatures vanquished.

Notes
Turn   | Place    | Note
-------+----------+-------------------------------------------
     0 | D:1      | Martska the Merfolk Ice Elementalist began the quest for
                  | the Orb.
     0 | D:1      | Reached XP level 1. HP: 13/13 MP: 3/3
   463 | D:1      | Reached XP level 2. HP: 20/20 MP: 1/5
   674 | D:1      | Reached skill level 1 in Fighting
  1188 | D:2      | Found a white marble altar of Elyvilon.
  1220 | D:2      | Noticed a +0 dagger
  1221 | D:2      | Noticed a +0 dagger
  1226 | D:2      | Reached XP level 3. HP: 23/26 MP: 2/6
  1229 | D:2      | Found a hide-covered altar of Uskayaw.
  1658 | D:2      | Learned a level 3 spell: Ozocubu's Armour
  2060 | D:2      | Found a basalt altar of Yredelemnul.
  2061 | D:2      | Found an opulent altar of Gozag.
  2314 | D:2      | Reached skill level 1 in Shields
  2314 | D:2      | Reached XP level 4. HP: 33/33 MP: 5/7
  2694 | D:2      | Found a stormy altar of Qazlal.
  2853 | D:3      | Found an ancient bone altar of Kikubaaqudgha.
  3168 | D:3      | Slain by a worm

Levels and vault maps discovered:
D:1:      nzn_arrival_water_spiral, layout_loops_corners
D:2:      layout_loops_ring, nicolae_qazlal_eye_of_the_storm, elyvilon_altar_4,
          dancing_weapons_uskayaw, gammafunk_temple_overflow_wave
D:3:      layout_basic, kiku_gazebo_garden_becter,
          chequers_ecumenical_altar_island, minmay_lizard_king, uniq_robin,
          uniq_crazy_yiuf_cottage

Skill      XL: |  1  2  3  4 |
---------------+-------------+-----
Fighting       | 1 2 |  2.1
Dodging        | 3 |  3.3
Shields        | 1 |  1.2
Armour         | |  0.7
Stealth        | |  2.8
Spellcasting   | |  2.3
Conjurations   | |  0.7
Ice Magic      | |  3.7

Action                   |  1- 3 |  4- 6 || total
-------------------------+-------+-------++-------
Melee: Club              |    87 |    38 ||   125
       Unarmed           |     6 |       ||     6
 Cast: Freeze            |    52 |    30 ||    82
 Stab: Sleeping          |     2 |       ||     2
  Eat: Chunk             |     1 |     4 ||     5
       Ration            |     1 |       ||     1
Armor: Robe              |    24 |     8 ||    32
Dodge: Dodged            |   136 |    50 ||   186
